| 
	| TOP OF THE 1ST | 
|---|
 
		| Auburn Doubledays batting - Pitching for Tri-City Dust Devils : RHP David Koski |  
		| Pitching: RHP David Koski |  |  
		| Batting: LHB Vince McLane | 0-0: Ball 1-0: Foul Ball, location: 2F
 1-1:  Fly out, F8  (Line Drive, 8LM, EV 107.5 MPH)
 |  
		| Batting: RHB Lamar Thornton | 0-0: Called Strike 0-1: Ball
 1-1: Foul Ball, location: 2F
 1-2: Strikes out swinging
 |  
		| Batting: RHB Tylor Cyr | 0-0: Called Strike 0-1: Swinging Strike
 0-2:  Fly out, F8  (Flyball, 8RXD, EV 108.8 MPH)
 |  
		| Top of the 1st over - 0 runs, 0 hits, 0 errors, 0 left on base; Auburn 0 - Tri-City 0 |  
	| BOTTOM OF THE 1ST | 
|---|
 
		| Tri-City Dust Devils batting - Pitching for Auburn Doubledays : RHP Chris Mosley |  
		| Pitching: RHP Chris Mosley |  |  
		| Batting: LHB Ramon Vega | 0-0: Foul Ball, location: 2F 0-1: Ground out 4-3 (Groundball, 4, EV 95.0 MPH)
 |  
		| Batting: LHB Phil Lerner | 0-0: Ball 1-0: Called Strike
 1-1: Ball
 2-1: Ball
 3-1: Base on Balls
 |  
		| Batting: RHB Mike MacLeod | 0-0: Ball 1-0: Ball
 2-0: Ball
 3-0: Swinging Strike
 3-1: Foul Ball, location: 2F
 3-2: Base on Balls
 Phil Lerner to second
 |  
		| Batting: SHB Isaiah Scates | 0-0: Ball 1-0: Foul Ball, location: 2F
 1-1: Ball
 2-1: Ball
 3-1: Called Strike
 3-2: Base on Balls
 Phil Lerner to third
 Mike MacLeod to second
 |  
		| Batting: RHB Hector Fernandez | 0-0: Ball 1-0: Ball
 2-0: Ball
 3-0: Called Strike
 3-1: Base on Balls
 Phil Lerner scores
 Mike MacLeod to third
 Isaiah Scates to second
 |  
		| Batting: RHB Eric McMillian | 0-0: Called Strike 0-1: Swinging Strike
 0-2: Ball
 1-2: Foul Ball, location: 2F
 1-2: Foul Ball, location: 2F
 1-2: Ball
 2-2: Strikes out swinging
 |  
		| Batting: RHB Phil McFadden | 0-0: Ball 1-0: Called Strike
 1-1: SINGLE  (Line Drive, 56D, EV 96.9 MPH)
 Mike MacLeod scores
 Isaiah Scates to third
 Hector Fernandez to second
 Runner from 3rd tries for Home, SAFE, throw by LF to home
 |  
		| Batting: RHB Frank Elizondo | 0-0: Ball 1-0: Ball
 2-0: Ball
 Passed Ball!
 Hector Fernandez to third
 Phil McFadden to second
 3-0: Foul Ball, location: 2F
 3-1: Base on Balls
 |  
		| Batting: RHB Max Stillo | 0-0: Ground out 2-3 (Groundball, 2R, EV 70.6 MPH) |  
		| Bottom of the 1st over - 3 runs, 1 hit, 0 errors, 3 left on base; Auburn 0 - Tri-City 3 |  
	| TOP OF THE 2ND | 
|---|
 
		| Auburn Doubledays batting - Pitching for Tri-City Dust Devils : RHP David Koski |  
		| Batting: RHB Leo Gutierrez | 0-0: Ball 1-0: Foul Ball, location: 2F
 1-1: Ball
 2-1: Foul Ball, location: 2F
 2-2: Foul Ball, location: 2F
 2-2: Strikes out swinging
 |  
		| Batting: RHB Er Le | 0-0: Foul Ball, location: 2F 0-1: Ball
 1-1: DOUBLE  (Line Drive, 9LM, EV 102.5 MPH)
 |  
		| Batting: RHB Steve Bauman | 0-0: Foul Ball, location: 2F 0-1:  Fly out, F7  (Flyball, 78M, EV 84.4 MPH)
 |  
		| Batting: LHB Adam Jacobs | 0-0: Called Strike 0-1: Ball
 1-1:  Fly out, F7  (Flyball, 7LS, EV 75.0 MPH)
 |  
		| Top of the 2nd over - 0 runs, 1 hit, 0 errors, 1 left on base; Auburn 0 - Tri-City 3 |  
	| BOTTOM OF THE 2ND | 
|---|
 
		| Tri-City Dust Devils batting - Pitching for Auburn Doubledays : RHP Chris Mosley |  
		| Batting: LHB Ramon Vega | 0-0: Ball 1-0: Ground out 4-3 (Groundball, 13, EV 83.8 MPH)
 |  
		| Batting: LHB Phil Lerner | 0-0: Foul Ball, location: 2F 0-1: Ball
 1-1: Ball
 2-1: Ball
 3-1: Base on Balls
 |  
		| Batting: RHB Mike MacLeod | 0-0: Ball 1-0: Ball
 2-0: Ball
 3-0: Base on Balls
 Phil Lerner to second
 |  
		| Batting: SHB Isaiah Scates | 0-0: SINGLE  (Groundball, 5S, EV 71.2 MPH) (infield hit) Phil Lerner to third
 Mike MacLeod to second
 |  
		| Batting: RHB Hector Fernandez | 0-0:  Fly out, F7  (Line Drive, 7, EV 96.2 MPH) |  
		| Batting: RHB Eric McMillian | 0-0: Ball 1-0: Ball
 2-0: Ball
 3-0: Called Strike
 3-1: Base on Balls
 Phil Lerner scores
 Mike MacLeod to third
 Isaiah Scates to second
 |  
		| Batting: RHB Phil McFadden | 0-0: Ball 1-0:  Fly out, F8  (Flyball, 8RD, EV 101.2 MPH)
 |  
		| Bottom of the 2nd over - 1 run, 1 hit, 0 errors, 3 left on base; Auburn 0 - Tri-City 4 |  
	| TOP OF THE 3RD | 
|---|
 
		| Auburn Doubledays batting - Pitching for Tri-City Dust Devils : RHP David Koski |  
		| Batting: LHB Adam Lancaster | 0-0: Foul Ball, location: 2F 0-1: Ball
 1-1: Foul Ball, location: 2F
 1-2: Ball
 2-2: Strikes out swinging
 |  
		| Batting: RHB John Gibbs | 0-0: Ball 1-0: Swinging Strike
 1-1: Foul Ball, location: 2F
 1-2: Ball
 2-2: Strikes out swinging
 |  
		| Batting: LHB Vince McLane | 0-0: Called Strike 0-1: Called Strike
 0-2: Ball
 1-2:  Fly out, F9  (Flyball, 9S, EV 93.1 MPH)
 |  
		| Top of the 3rd over - 0 runs, 0 hits, 0 errors, 0 left on base; Auburn 0 - Tri-City 4 |  
	| BOTTOM OF THE 3RD | 
|---|
 
		| Tri-City Dust Devils batting - Pitching for Auburn Doubledays : RHP Chris Mosley |  
		| Batting: RHB Frank Elizondo | 0-0: Called Strike 0-1: Ball
 1-1: Ground out 3-1 (Groundball, 3D, EV 100.6 MPH)
 |  
		| Batting: RHB Max Stillo | 0-0: Called Strike 0-1: Ball
 1-1: SINGLE  (Line Drive, 4D, EV 96.2 MPH)
 |  
		| Batting: LHB Ramon Vega | 0-0: Swinging Strike 0-1: Ball
 1-1: Called Strike
 1-2: Ball
 2-2:  Fly out, F8  (Flyball, 8RS, EV 91.9 MPH)
 |  
		| Batting: LHB Phil Lerner | 0-0: Called Strike 0-1: Foul Ball, location: 2F
 0-2: Ball
 1-2: Ball
 2-2:  Fly out, F7  (Flyball, 7D, EV 100.0 MPH)
 |  
		| Bottom of the 3rd over - 0 runs, 1 hit, 0 errors, 1 left on base; Auburn 0 - Tri-City 4 |  
	| TOP OF THE 4TH | 
|---|
 
		| Auburn Doubledays batting - Pitching for Tri-City Dust Devils : RHP David Koski |  
		| Batting: RHB Lamar Thornton | 0-0: Ball 1-0: SINGLE  (Groundball, 5S, EV 68.1 MPH) (infield hit)
 |  
		| Batting: RHB Tylor Cyr | 0-0: Foul Ball, location: 2F 0-1: Foul Ball, location: 2F
 0-2: Ball
 1-2: Strikes out swinging
 |  
		| Batting: RHB Leo Gutierrez | 0-0: SINGLE  (Line Drive, 8RS, EV 98.8 MPH) Lamar Thornton to second
 |  
		| Batting: RHB Er Le | 0-0: Ball 1-0: Called Strike
 1-1: Ball
 2-1: Swinging Strike
 2-2: Strikes out looking
 |  
		| Batting: RHB Steve Bauman | 0-0: Ball 1-0: Called Strike
 1-1: Ball
 2-1: Ball
 3-1: DOUBLE  (Line Drive, 89D, EV 110.0 MPH)
 Lamar Thornton scores
 Leo Gutierrez to third
 |  
		| Batting: LHB Adam Jacobs | 0-0: Swinging Strike 0-1: Foul Ball, location: 2F
 0-2: Foul Ball, location: 2F
 0-2: Ball
 1-2: Strikes out swinging
 |  
		| Top of the 4th over - 1 run, 3 hits, 0 errors, 2 left on base; Auburn 1 - Tri-City 4 |  
	| BOTTOM OF THE 4TH | 
|---|
 
		| Tri-City Dust Devils batting - Pitching for Auburn Doubledays : RHP Chris Mosley |  
		| Batting: RHB Mike MacLeod | 0-0: Called Strike 0-1: Swinging Strike
 0-2: Ball
 1-2: Ball
 2-2: Ball
 3-2: Ground out 6-3 (Groundball, 6, EV 84.4 MPH)
 |  
		| Pitching: RHP Tim Schultz |  |  
		| Batting: SHB Isaiah Scates | 0-0: Ball 1-0: Ball
 2-0: SINGLE  (Line Drive, 9LS, EV 101.2 MPH)
 |  
		| Batting: RHB Hector Fernandez | 0-0: Ball 1-0: Fielders Choice at 2nd, 4-6 (Groundball, 4, EV 78.1 MPH)
 |  
		| Batting: RHB Eric McMillian | 0-0: Called Strike 0-1: Called Strike
 0-2: Foul Ball, location: 2F
 0-2: Ball
 1-2: Ball
 2-2: Ball
 Wild Pitch!
 Hector Fernandez to second
 3-2: Base on Balls
 |  
		| Batting: RHB Phil McFadden | 0-0: Called Strike 0-1: Ball
 1-1: SINGLE  (Line Drive, 3D, EV 96.2 MPH)
 Hector Fernandez to third
 Eric McMillian to second
 Runner from 3rd tries for Home, SAFE, throw by RF to home
 |  
		| Batting: RHB Frank Elizondo | 0-0: Called Strike 0-1: Ball
 1-1: Foul Ball, location: 2F
 1-2: Ball
 2-2: Foul Ball, location: 2F
 2-2: Ball
 3-2: Strikes out swinging
 |  
		| Bottom of the 4th over - 1 run, 2 hits, 0 errors, 2 left on base; Auburn 1 - Tri-City 5 |  
	| TOP OF THE 5TH | 
|---|
 
		| Auburn Doubledays batting - Pitching for Tri-City Dust Devils : RHP David Koski |  
		| Batting: LHB Adam Lancaster | 0-0: Ball 1-0: Swinging Strike
 1-1: Ball
 2-1: Ball
 3-1: Base on Balls
 |  
		| Batting: RHB John Gibbs | 0-0: Swinging Strike 0-1: Ball
 1-1: Foul Ball, location: 2F
 1-2: Strikes out swinging
 |  
		| Batting: LHB Vince McLane | 0-0: Foul Ball, location: 2F 0-1: Called Strike
 0-2: Ball
 1-2: Strikes out swinging
 |  
		| Batting: RHB Lamar Thornton | 0-0:  Fly out, F7  (Flyball, 78S, EV 93.1 MPH) |  
		| Top of the 5th over - 0 runs, 0 hits, 0 errors, 1 left on base; Auburn 1 - Tri-City 5 |  
	| BOTTOM OF THE 5TH | 
|---|
 
		| Tri-City Dust Devils batting - Pitching for Auburn Doubledays : RHP Tim Schultz |  
		| Batting: RHB Max Stillo | 0-0: Called Strike 0-1: Ball
 1-1: Called Strike
 1-2: Strikes out swinging
 |  
		| Batting: LHB Ramon Vega | 0-0: Foul Ball, location: 2F 0-1: Ground out 6-3 (Groundball, 6, EV 104.4 MPH)
 |  
		| Batting: LHB Phil Lerner | 0-0: Called Strike 0-1: Ball
 1-1: Called Strike
 1-2: Strikes out swinging
 |  
		| Bottom of the 5th over - 0 runs, 0 hits, 0 errors, 0 left on base; Auburn 1 - Tri-City 5 |  
	| TOP OF THE 6TH | 
|---|
 
		| Auburn Doubledays batting - Pitching for Tri-City Dust Devils : RHP David Koski |  
		| Batting: RHB Tylor Cyr | 0-0: Foul Ball, location: 2F 0-1: Ball
 1-1:  Fly out, F7  (Flyball, 7S, EV 81.2 MPH)
 |  
		| Batting: RHB Leo Gutierrez | 0-0: Ball 1-0: Called Strike
 1-1: Foul Ball, location: 2F
 1-2: Ball
 2-2: Foul Ball, location: 2F
 2-2: TRIPLE  (Flyball, 89XD, EV 98.1 MPH)
 |  
		| Batting: RHB Er Le | 0-0: Foul Ball, location: 2F 0-1: Ball
 1-1: Foul Ball, location: 2F
 1-2: Strikes out swinging, 2-3 out at first.
 |  
		| Batting: RHB Steve Bauman | 0-0: Called Strike 0-1: Ground out 4-3 (Groundball, 4, EV 82.5 MPH)
 |  
		| Top of the 6th over - 0 runs, 1 hit, 0 errors, 1 left on base; Auburn 1 - Tri-City 5 |  
	| BOTTOM OF THE 6TH | 
|---|
 
		| Tri-City Dust Devils batting - Pitching for Auburn Doubledays : RHP Tim Schultz |  
		| Batting: RHB Mike MacLeod | 0-0: Ball 1-0: Foul Ball, location: 2F
 1-1: Ball
 2-1: Called Strike
 2-2: Foul Ball, location: 2F
 2-2: Strikes out looking
 |  
		| Batting: SHB Isaiah Scates | 0-0: Ground out 6-3 (Groundball, 6, EV 91.2 MPH) |  
		| Batting: RHB Hector Fernandez | 0-0: Ball 1-0: Ball
 2-0: Ball
 3-0: Called Strike
 3-1: Called Strike
 3-2: Ground out 5-3 (Groundball, 5L, EV 80.0 MPH)
 |  
		| Bottom of the 6th over - 0 runs, 0 hits, 0 errors, 0 left on base; Auburn 1 - Tri-City 5 |  
	| TOP OF THE 7TH | 
|---|
 
		| Auburn Doubledays batting - Pitching for Tri-City Dust Devils : RHP David Koski |  
		| Batting: LHB Adam Jacobs | 0-0: Ball 1-0: Called Strike
 1-1: Ball
 2-1: Ground out 4-3 (Groundball, 4, EV 103.1 MPH)
 |  
		| Batting: LHB Adam Lancaster | 0-0: Called Strike 0-1: Ball
 1-1: Swinging Strike
 1-2: Foul Ball, location: 2F
 1-2: Ball
 2-2: Strikes out swinging
 |  
		| Batting: RHB John Gibbs | 0-0: Called Strike 0-1: Swinging Strike
 0-2: Foul Ball, location: 2F
 0-2: Foul Ball, location: 2F
 0-2: Ball
 1-2: Strikes out swinging
 |  
		| Top of the 7th over - 0 runs, 0 hits, 0 errors, 0 left on base; Auburn 1 - Tri-City 5 |  
	| BOTTOM OF THE 7TH | 
|---|
 
		| Tri-City Dust Devils batting - Pitching for Auburn Doubledays : RHP Tim Schultz |  
		| Pitching: RHP Steve Barnes |  |  
		| Batting: RHB Eric McMillian | 0-0: SINGLE  (Groundball, 56S, EV 63.1 MPH) (infield hit) |  
		| Batting: RHB Phil McFadden | 0-0:  Fly out, F3  (Popup, 3SF, EV 82.5 MPH) |  
		| Batting: RHB Frank Elizondo | 0-0: Called Strike 0-1: SINGLE  (Line Drive, 7S, EV 103.1 MPH)
 Eric McMillian to second
 |  
		| Batting: RHB Max Stillo | 0-0: Called Strike 0-1: Swinging Strike
 0-2: Ball
 1-2: Ball
 2-2: SINGLE  (Line Drive, 78S, EV 88.8 MPH)
 Eric McMillian to third
 Frank Elizondo to second
 |  
		| Batting: LHB Ramon Vega | 0-0: Called Strike 0-1: Ball
 1-1: Called Strike
 1-2: Fielders Choice at 2nd, 4-6 (Groundball, 4, EV 103.1 MPH)
 Eric McMillian scores
 Frank Elizondo to third
 |  
		| Batting: LHB Phil Lerner | 0-0: Ball 1-0: Foul Ball, location: 2F
 1-1: Foul Ball, location: 2F
 1-2: Ball
 2-2: Strikes out swinging
 |  
		| Bottom of the 7th over - 1 run, 3 hits, 0 errors, 2 left on base; Auburn 1 - Tri-City 6 |  
	| TOP OF THE 8TH | 
|---|
 
		| Auburn Doubledays batting - Pitching for Tri-City Dust Devils : RHP David Koski |  
		| Pitching: RHP Troy Conners |  |  
		| Batting: LHB Vince McLane | 0-0: Ball 1-0: Ball
 2-0: Called Strike
 2-1: Foul Ball, location: 2F
 2-2: Ball
 3-2: Foul Ball, location: 2F
 3-2: Ground out 3-1 (Groundball, 34, EV 85.6 MPH)
 |  
		| Batting: RHB Lamar Thornton | 0-0: Ball 1-0: Called Strike
 1-1: Hit by Pitch
 |  
		| Batting: RHB Tylor Cyr | 0-0: Ball 1-0: Called Strike
 1-1: Ball
 2-1: Ball
 3-1: Foul Ball, location: 2F
 3-2: Base on Balls
 Lamar Thornton to second
 |  
		| Batting: RHB Leo Gutierrez | 0-0: Called Strike 0-1: Foul Ball, location: 2F
 0-2: Foul Ball, location: 2F
 0-2: Foul Ball, location: 2F
 0-2: Strikes out looking
 |  
		| Batting: RHB Er Le | 0-0: Called Strike 0-1: Ball
 1-1: Ball
 2-1: Ball
 3-1: Foul Ball, location: 2F
 3-2: Base on Balls
 Lamar Thornton to third
 Tylor Cyr to second
 |  
		| Pitching: RHP Hisatada Sekiguchi |  |  
		| Batting: RHB Steve Bauman | 0-0: Called Strike 0-1: Foul Ball, location: 2F
 0-2: SINGLE  (Groundball, 6MD, EV 103.8 MPH)
 Lamar Thornton scores
 Tylor Cyr to third
 Er Le to second
 |  
		| Batting: LHB Adam Jacobs | 0-0: Ball 1-0: Ball
 2-0: Ball
 3-0: Called Strike
 3-1: Called Strike
 3-2: Strikes out swinging
 |  
		| Top of the 8th over - 1 run, 1 hit, 0 errors, 3 left on base; Auburn 2 - Tri-City 6 |  
	| BOTTOM OF THE 8TH | 
|---|
 
		| Tri-City Dust Devils batting - Pitching for Auburn Doubledays : RHP Steve Barnes |  
		| Batting: RHB Mike MacLeod | 0-0:  Fly out, F8  (Line Drive, 8RD, EV 85.6 MPH) |  
		| Batting: SHB Isaiah Scates | 0-0: Called Strike 0-1: Swinging Strike
 0-2: Ground out U3 (Groundball, 34, EV 96.2 MPH)
 |  
		| Batting: RHB Hector Fernandez | 0-0: Foul Ball, location: 2F 0-1: Foul Ball, location: 2F
 0-2:  Fly out, F9  (Flyball, 89D, EV 89.4 MPH)
 |  
		| Bottom of the 8th over - 0 runs, 0 hits, 0 errors, 0 left on base; Auburn 2 - Tri-City 6 |  
	| TOP OF THE 9TH | 
|---|
 
		| Auburn Doubledays batting - Pitching for Tri-City Dust Devils : RHP Hisatada Sekiguchi |  
		| Batting: LHB Adam Lancaster | 0-0: Ball 1-0: Called Strike
 1-1: Foul Ball, location: 2F
 1-2: Foul Ball, location: 2F
 1-2: Ball
 2-2: Foul Ball, location: 2F
 2-2: Strikes out swinging
 |  
		| Batting: RHB John Gibbs | 0-0: Swinging Strike 0-1: Ball
 1-1: Called Strike
 1-2: Strikes out looking
 |  
		| Batting: LHB Vince McLane | 0-0: Ball 1-0: Ball
 2-0: Ball
 3-0: Called Strike
 3-1: Swinging Strike
 3-2:  Fly out, F4  (Line Drive, 4, EV 68.1 MPH)
 |  
		| Top of the 9th over - 0 runs, 0 hits, 0 errors, 0 left on base; Auburn 2 - Tri-City 6 |  |